 Dungeon Crawl Stone Soup version 0.28-a0-664-gc179e30c89 (webtiles) character file.

Game seed: 3647395398554155785

1799 mordus the Basher (level 9, -4/64 HPs)
             Began as a Formicid Fighter on Oct 14, 2021.
             Was a Follower of the Shining One.
             Slain by an orc (7 damage)
             ... on level 6 of the Dungeon on Oct 15, 2021.
             The game lasted 00:21:16 (8122 turns).

mordus the Basher (Formicid Fighter)                Turns: 8122, Time: 00:21:17

Health: -4/64      AC: 10    Str: 23    XL:     9   Next: 30%
Magic:  9/9        EV:  8    Int:  9    God:    the Shining One [*.....]
Gold:   230        SH:  5    Dex: 10    Spells: 8/8 levels left

rFire   . . .      SeeInvis +   a - +1 flail
rCold   . . .      Faith    .   c - +0 buckler
rNeg    . . .      Spirit   .   o - +0 chain mail
rPois   .          Reflect  .   (helmet unavailable)
rElec   .          Harm     .   (no cloak)
rCorr   +          Rampage  .   (no gloves)
Will    .....                   (no boots)
Stlth   ..........              (no amulet)
HPRegen 0.20/turn               j - ring of resist corrosion
MPRegen 0.11/turn               (no ring)

@: glowing
A: permanent stasis, dig shafts and tunnels, antennae 3, four strong arms
a: Dig, Shaft Self, Renounce Religion


You were on level 6 of the Dungeon.
You worshipped the Shining One.
The Shining One was aware of your devotion.
You visited 2 branches of the dungeon, and saw 7 of its levels.
You also visited: Sewer.

You collected 230 gold pieces.

Inventory:

Hand Weapons
 a - a +1 flail (weapon)
Missiles
 g - 2 throwing nets
Armour
 b - a +0 scale mail
 c - a +0 buckler (worn)
 o - a +0 chain mail (worn)
Jewellery
 f - an amulet of regeneration
 j - a ring of resist corrosion (left hand)
 q - a ring of protection from fire
Wands
 e - a wand of digging (4)
Scrolls
 h - 3 scrolls of identify
 l - 2 scrolls of enchant weapon
 m - 2 scrolls of fear
 n - a scroll of amnesia {unknown}
 p - a scroll of vulnerability {unknown}
Potions
 d - 2 potions of might
 i - a potion of curing
 k - 3 potions of flight
 r - a potion of ambrosia {unknown}


   Skills:
 - Level 3.2 Fighting
 * Level 8.4 Maces & Flails
 + Level 7.0 Armour
 + Level 7.7 Shields


You had 8 spell levels left.
You didn't know any spells.
Your spell library contained the following spells:

 Spells                   Type           Power      Damage    Failure   Level
 Foxfire                  Conj/Fire      0%         2x1d4     95%         1
 Ensorcelled Hibernation  Hex/Ice        0%         N/A       99%         2
 Call Canine Familiar     Summ           0%         N/A       100%        3
 Conjure Flame            Conj/Fire      0%         6-21      100%        3
 Inner Flame              Hex/Fire       0%         N/A       100%        3
 Ozocubu's Armour         Ice            0%         N/A       100%        3
 Portal Projectile        Hex/Tloc       0%         N/A       100%        3
 Spider Form              Tmut/Pois      0%         N/A       100%        3
 Animate Dead             Necr           0%         N/A       100%        4
 Flame Wave               Conj/Fire      0%         3d3       100%        4
 Leda's Liquefaction      Hex/Erth       0%         N/A       100%        4
 Borgnjor's Vile Clutch   Necr/Erth      0%         N/A       100%        5
 Death Channel            Necr           0%         N/A       100%        6
 Ozocubu's Refrigeration  Ice            0%         4d5       100%        7


Dungeon Overview and Level Annotations

Branches:
Dungeon (6/15)             Temple (1/1) D:4           Sewer (visited)

Altars:
Ashenzari
Cheibriados
Dithmenos
Fedhas
Gozag
Hepliaklqana
Kikubaaqudgha
Makhleb
Nemelex Xobeh
Qazlal
Trog
Vehumet
Wu Jian
Xom
Yredelemnul
Zin
The Shining One

Shops:
D:2 !   D:4 (


Innate Abilities, Weirdness & Mutations

You cannot be hasted, slowed, berserked, paralysed or teleported.
You can dig through walls and to a lower floor.
You have a pair of large antennae on your head. (SInv)
Your four strong arms can wield two-handed weapons with a shield.


Message History

Okay, then.
You extend your mandibles.
You dig through the rock wall.
You retract your mandibles.
You thump the orc wizard!
The orc wizard is almost dead.
The orc wizard points at you and mumbles some strange words.
The magic dart hits you but does no damage.
The orc priest invokes the aid of Beogh against you.
Beogh smites you!
You hit the orc wizard but do no damage.
The orc wizard is almost dead.
The orc wizard points at you and mumbles some strange words.
You easily resist.
You hit the orc wizard.
You kill the orc wizard!
The orc priest calls down the wrath of Beogh upon you.
Beogh smites you! The orc priest hits you with a +0 whip.
* * * LOW HITPOINT WARNING * * *
You completely miss the orc priest.
The orc priest hits you but does no damage.
The orc wizard barely misses you.
You sock the orc priest!
The orc priest is severely wounded.
The orc priest hits you but does no damage.
The orc wizard hits you with a +0 dagger.
* * * LOW HITPOINT WARNING * * *
The orc priest looks braver for a moment.
You hit the orc priest.
The orc priest is severely wounded.
The orc priest completely misses you.
You hit the orc priest but do no damage.
The orc priest is severely wounded.
The orc priest mumbles some strange prayers to Beogh against you.
Beogh smites you!
* * * LOW HITPOINT WARNING * * *
You block the orc wizard's attack.
The orc hits you with a +0 mace of protection!
You die...

.# ######### ########........
.....###....^..###...............
....#.#.#.....#.#.#..............
..#..#..#...#..#..#..#.......##.
###...#...#.#...#...#....#.##....
.#..............................#
..........###.......###..........
.....#...#.#.#.....#.#.#..#......
.....#..#..#..#o@o#..#..#......
#....#...#...#o#...#..(###...
####..##########)#########.....
..###......#...(#o{..l....... .
....##.....###..##....#......
.....##.........##l.#.#.....!
≈≈....#..#..........#........
§≈≈...####..#..###...........
..≈≈.....#....)......#.......


You could see 2 orc priests, an orc wizard (invisible) and an orc.

Vanquished Creatures
  2 ice beasts
  Duvessa (D:6)
  A sky beast (D:6)
  A necrophage (D:5)
  2 black bears
  3 ogres (D:5)
  A gnoll sergeant (D:6)
  3 scorpions
  Dowan (D:6)
  A howler monkey (D:6)
  A centaur zombie (D:5)
  A bullfrog skeleton (D:6)
  A centaur skeleton (D:6)
  4 hounds
  2 jellies (D:5)
  Jessica (D:2)
  An iguana (D:5)
  An orc wizard (D:6)
  6 gnolls
  5 adders
  A river rat (D:3)
  An adder skeleton (D:5)
  6 worms
  2 dart slugs
  An orc (D:5)
  13 endoplasms
  4 giant cockroaches
  12 goblins
  6 hobgoblins
  7 jackals
  5 kobolds
  2 quokkas
  3 training dummies (D:4)
  6 ball pythons
  15 bats
  6 frilled lizards
  7 rats
136 creatures vanquished.

Notes
Turn   | Place    | Note
-------+----------+-------------------------------------------
     0 | D:1      | mordus the Formicid Fighter began the quest for the Orb.
     0 | D:1      | Reached XP level 1. HP: 18/18 MP: 1/1
    64 | D:1      | Reached XP level 2. HP: 4/24 MP: 2/2
   856 | D:1      | Reached XP level 3. HP: 26/29 MP: 3/3
   883 | D:1      | Found a faded altar of an unknown god.
  1391 | D:2      | Reached skill level 3 in Maces & Flails
  1534 | D:2      | Upgraded the game from 0.28-a0-662-g1651b1f1e0 to
                  | 0.28-a0-664-gc179e30c89
  1665 | D:2      | Noticed Jessica
  1674 | D:2      | Killed Jessica
  1675 | D:2      | Reached XP level 4. HP: 35/35 MP: 4/4
  1868 | D:2      | Found Jedghal's Distillery.
  1933 | D:3      | Found a glowing drain.
  2097 | Sewer    | Entered a sewer
  2106 | Sewer    | Reached XP level 5. HP: 34/41 MP: 5/5
  3232 | D:3      | Reached skill level 4 in Maces & Flails
  3922 | D:3      | Reached XP level 6. HP: 38/47 MP: 6/6
  4322 | D:3      | HP: 2/47 [scorpion (5)]
  4328 | D:3      | Reached skill level 5 in Shields
  5046 | D:4      | Found a staircase to the Ecumenical Temple.
  5120 | Temple   | Entered the Ecumenical Temple
  5370 | Temple   | Became a worshipper of the Shining One
  5422 | D:4      | Reached skill level 5 in Maces & Flails
  5422 | D:4      | Reached XP level 7. HP: 34/52 MP: 7/7
  5575 | D:4      | Found Lisebb's Firing Range.
  5855 | D:5      | Entered Level 5 of the Dungeon
  6008 | D:5      | Reached skill level 5 in Armour
  6388 | D:5      | Reached skill level 6 in Maces & Flails
  6455 | D:5      | Reached XP level 8. HP: 56/58 MP: 8/8
  6616 | D:5      | Found a broken altar of Ashenzari.
  6617 | D:5      | Found an ancient bone altar of Kikubaaqudgha.
  7288 | D:5      | Reached skill level 7 in Maces & Flails
  7775 | D:6      | Reached XP level 9. HP: 59/64 MP: 9/9
  7804 | D:6      | Reached * piety under the Shining One
  7909 | D:6      | Noticed Duvessa
  7909 | D:6      | Noticed Dowan
  7933 | D:6      | Killed Duvessa
  7934 | D:6      | Reached skill level 8 in Maces & Flails
  7944 | D:6      | Killed Dowan
  8122 | D:6      | HP: 3/64 [orc priest/divine providence (13)]
  8122 | D:6      | Slain by an orc

Illustrated notes

Levels and vault maps discovered:
D:1:      roderic_dead_forest, layout_basic,
          hellmonk_ecumenical_altar_inner_sanctum
D:2:      layout_rooms, serial_shops, nicolae_shop_behind_doors,
          corner_web_ring, kennysheep_decorative_pillar, uniq_jessica
D:3:      layout_basic, portal_sewer_entry_b
D:4:      layout_basic, temple_doors_e, nicolae_shop_firing_range
D:5:      layout_basic, nicolae_overflow_hidden_temple
D:6:      layout_cave_pools, tgw_sif, kennysheep_doodads, nrook_mini_backslash,
          hangedman_decor_diamond_cutter, minmay_crystal_room, dk_vineyard_3,
          grunt_ministairs_13, st_stairs_8, uniq_duvessa
Temple:   regret_index_temple_generic_petals

Skill      XL: |  1  2  3  4  5  6  7  8  9 |
---------------+----------------------------+-----
Shields        | 4 5 6 7 |  7.7
Maces & Flails | 3 4 5 6 7 8 |  8.4
Armour         | 4 5 6 7 |  7.0
Fighting       | |  3.2

Action                   |  1- 3 |  4- 6 |  7- 9 || total
-------------------------+-------+-------+-------++-------
Melee: Flail             |   123 |   249 |   152 ||   524
 Abil: Dig               |       |       |     1 ||     1
  Use: Potion            |       |     3 |       ||     3
       Scroll            |       |     8 |       ||     8
Armor: Scale mail        |    70 |   138 |       ||   208
       Chain mail        |       |    37 |    84 ||   121
Dodge: Dodged            |    60 |   157 |    63 ||   280
Block: Buckler           |    40 |    61 |    37 ||   138

Table legend: (Time is in decaauts)
 A = Elapsed time spent in this place.
 B = Non-inter-level travel time spent in this place.
 C = Inter-level travel time spent in this place.
 D = Time resting spent in this place.
 E = Time spent auto-exploring this place.
 F = Levels seen in this place.
 G = Mean time per level.
                   A        B        C        D        E       F      G
               +--------+--------+--------+--------+--------+-----+--------+
         Total |   8374 |   8133 |    241 |   2219 |   4155 |   8 | 1046.8 |
       Dungeon |   6778 |   6593 |    185 |   1683 |   3692 |   6 | 1129.7 |
        Temple |    306 |    251 |     55 |      0 |    209 |   1 |  306.0 |
         Sewer |   1289 |   1289 |      0 |    536 |    254 |   1 | 1289.0 |
               +--------+--------+--------+--------+--------+-----+--------+

Top non-repeatable levels by time:
     D:5: 1625 daAuts
     D:3: 1617 daAuts
   Sewer: 1289 daAuts
     D:1: 1182 daAuts
     D:4: 949 daAuts
     D:2: 751 daAuts
     D:6: 652 daAuts
  Temple: 306 daAuts
